 Dungeon Crawl Stone Soup version 0.28-a0-1513-ge4f4046303 (webtiles) character file.

Game seed: 14116797117002219804

159 Gargoyl the Skirmisher (level 5, 0/47 HPs)
             Began as a Gnoll Abyssal Knight on Jan 16, 2022.
             Was a Follower of Lugonu.
             Slain by a shadow imp (4 damage)
             ... on level 3 of the Dungeon.
             The game lasted 00:02:54 (2789 turns).

Gargoyl the Skirmisher (Gnoll Abyssal Knight)       Turns: 2789, Time: 00:02:55

Health: 0/47       AC: 12    Str: 14    XL:     5   Next: 40%
Magic:  8/8        EV: 12    Int:  9    God:    Lugonu [*.....]
Gold:   72         SH:  0    Dex: 19    Spells: 6/6 levels left

rFire   . . .      SeeInvis .   a - +1 hand axe
rCold   . . .      Faith    .   (no shield)
rNeg    . . .      Spirit   .   f - +2 ring mail {Will+}
rPois   .          Reflect  .   (no helmet)
rElec   .          Harm     .   c - +2 cloak
rCorr   .          Rampage  .   (no gloves)
Will    +....                   g - +0 pair of boots
Stlth   +.........              (no amulet)
HPRegen 0.15/turn               e - +6 ring of dexterity
MPRegen 0.11/turn               (no ring)

@: mighty
A: fangs 1, strong nose, distributed training
a: Renounce Religion, Depart the Abyss


You were on level 3 of the Dungeon.
You worshipped Lugonu.
Lugonu was aware of your devotion.
You visited 1 branch of the dungeon, and saw 3 of its levels.
You visited the Abyss 1 time.

You collected 72 gold pieces.

Inventory:

Hand Weapons
 a - a +1 hand axe (weapon)
Missiles
 b - 6 poisoned darts (quivered)
Armour
 c - a +2 cloak (worn)
 f - a +2 ring mail of willpower (worn)
 g - a +0 pair of boots (worn)
Jewellery
 e - a +6 ring of dexterity (left hand)
Scrolls
 d - 2 scrolls of teleportation
 h - 2 scrolls of blinking
 j - a scroll of identify
 l - a scroll of amnesia {unknown}
 m - a scroll of magic mapping {unknown}
 n - a scroll of acquirement {unknown}


   Skills:
 + Level 6.7 Fighting
 + Level 1.4 Short Blades
 + Level 1.4 Long Blades
 + Level 4.8 Axes
 + Level 1.4 Maces & Flails
 + Level 1.4 Polearms
 + Level 1.4 Staves
 + Level 1.4 Slings
 + Level 1.4 Bows
 + Level 1.4 Crossbows
 + Level 1.4 Throwing
 + Level 4.8 Armour
 + Level 3.0 Dodging
 + Level 1.4 Stealth
 + Level 1.4 Shields
 + Level 1.4 Unarmed Combat
 + Level 1.4 Spellcasting
 + Level 1.1 Conjurations
 + Level 1.1 Hexes
 + Level 1.1 Summonings
 + Level 1.1 Necromancy
 + Level 1.1 Translocations
 + Level 1.1 Transmutations
 + Level 1.1 Fire Magic
 + Level 1.1 Ice Magic
 + Level 1.1 Air Magic
 + Level 1.1 Earth Magic
 + Level 1.1 Poison Magic
 + Level 4.8 Invocations
 + Level 1.4 Evocations


You had 6 spell levels left.
You didn't know any spells.
Your spell library was empty.

Dungeon Overview and Level Annotations

Branches:
Dungeon (3/15)

Altars:


Innate Abilities, Weirdness & Mutations

You have very sharp teeth.
Your uncanny sense of smell can sniff out nearby items.
Your experience applies equally to all skills.


Message History

Whodunnit's ghost hits you.
You barely miss whodunnit's ghost.
Whodunnit's ghost is severely damaged.
You feel less wooden.
Your +2 cloak unmelds from your body.
Your +0 pair of boots unmelds from your body.
Your +2 ring mail of willpower unmelds from your body.
You feel strong-willed. Whodunnit's ghost hits you!
* * * LOW HITPOINT WARNING * * *
It was a potion of might.
You feel very mighty all of a sudden. Whodunnit's ghost hits you.
* * * LOW HITPOINT WARNING * * *
Unknown command.
You hit whodunnit's ghost. You bite whodunnit's ghost.
Whodunnit's ghost is almost destroyed.
Whodunnit's ghost hits you but does no damage.
You hit whodunnit's ghost but do no damage.
Whodunnit's ghost is almost destroyed.
Whodunnit's ghost hits you but does no damage.
You slash whodunnit's ghost!
You destroy whodunnit's ghost!
Lugonu accepts your kill.
Your Dodging skill increases to level 3!
Your Conjurations skill increases to level 1!
Your Hexes skill increases to level 1!
Your Summonings skill increases to level 1!
Your Necromancy skill increases to level 1!
Your Translocations skill increases to level 1!
Your Transmutations skill increases to level 1!
Your Fire Magic skill increases to level 1!
Your Ice Magic skill increases to level 1!
Your Air Magic skill increases to level 1!
Your Earth Magic skill increases to level 1!
Your Poison Magic skill increases to level 1!
You have reached level 5!
You hit the shadow imp.
The shadow imp is heavily wounded.
The shadow imp hits you.
You die...

#....... #.##...#
###########.###...
#)..........# ###.
#.########..#####.
#.# #.............
#.# #.####..######
#.# #)# #........
#@###.####.#######
#5#.....##.#
#.########.#
##..#.(.#...#
#...'.?!#####
#...#..}#.#
#...#####.#
##........#
##......##


You could see a shadow imp.

Vanquished Creatures
  The ghost of whodunnit the Slasher, an amateur HuMo (D:3)
  2 adders
  3 worms
  A dart slug (D:3)
  3 bats
  6 endoplasms
  6 goblins
  4 hobgoblins
  3 jackals (D:2)
  3 quokkas (D:1)
  4 ball pythons
  4 frilled lizards
  8 kobolds
  2 rats (D:3)
50 creatures vanquished.

Notes
Turn   | Place    | Note
-------+----------+-------------------------------------------
     0 | Abyss:1  | Gargoyl the Gnoll Abyssal Knight began the quest for the
                  | Orb.
     0 | Abyss:1  | Reached XP level 1. HP: 23/23 MP: 3/3
    35 | Abyss:1  | Noticed a thrashing horror
    35 | D:1      | Escaped the Abyss
   168 | D:1      | Found a faded altar of an unknown god.
   216 | D:1      | You fall into a shaft and drop 1 floor!
   236 | D:2      | Reached XP level 2. HP: 29/29 MP: 5/5
   296 | D:2      | Reached * piety under Lugonu
   749 | D:1      | Reached XP level 3. HP: 35/35 MP: 6/6
  1663 | D:3      | Reached skill level 1 in Short Blades
  1663 | D:3      | Reached skill level 1 in Long Blades
  1663 | D:3      | Reached skill level 1 in Maces & Flails
  1663 | D:3      | Reached skill level 1 in Polearms
  1663 | D:3      | Reached skill level 1 in Staves
  1663 | D:3      | Reached skill level 1 in Slings
  1663 | D:3      | Reached skill level 1 in Bows
  1663 | D:3      | Reached skill level 1 in Crossbows
  1663 | D:3      | Reached skill level 1 in Throwing
  1663 | D:3      | Reached skill level 1 in Stealth
  1663 | D:3      | Reached skill level 1 in Shields
  1663 | D:3      | Reached skill level 1 in Unarmed Combat
  1663 | D:3      | Reached skill level 1 in Spellcasting
  1663 | D:3      | Reached skill level 1 in Evocations
  1770 | D:3      | Reached XP level 4. HP: 32/41 MP: 7/7
  2380 | D:3      | Found a runed translucent door.
  2380 | D:3      | Noticed whodunnit's ghost (amateur HuMo)
  2788 | D:3      | Killed whodunnit's ghost
  2789 | D:3      | Reached skill level 1 in Conjurations
  2789 | D:3      | Reached skill level 1 in Hexes
  2789 | D:3      | Reached skill level 1 in Summonings
  2789 | D:3      | Reached skill level 1 in Necromancy
  2789 | D:3      | Reached skill level 1 in Translocations
  2789 | D:3      | Reached skill level 1 in Transmutations
  2789 | D:3      | Reached skill level 1 in Fire Magic
  2789 | D:3      | Reached skill level 1 in Ice Magic
  2789 | D:3      | Reached skill level 1 in Air Magic
  2789 | D:3      | Reached skill level 1 in Earth Magic
  2789 | D:3      | Reached skill level 1 in Poison Magic
  2789 | D:3      | Reached XP level 5. HP: 4/47 MP: 8/8
  2789 | D:3      | Slain by a shadow imp

Illustrated notes

Levels and vault maps discovered:
D:1:      heliophobic_arrival_dark_side_of_the_moon, layout_basic,
          hellmonk_ecumenical_altar_crossroads, serial_park_tiny_2
D:2:      layout_basic
D:3:      layout_loops_ring, ebering_ghost_inner_flame

Skill      XL: |  1  2  3  4 |
---------------+-------------+-----
Short Blades   | 1 |  1.4
Long Blades    | 1 |  1.4
Maces & Flails | 1 |  1.4
Polearms       | 1 |  1.4
Staves         | 1 |  1.4
Slings         | 1 |  1.4
Bows           | 1 |  1.4
Crossbows      | 1 |  1.4
Throwing       | 1 |  1.4
Stealth        | 1 |  1.4
Shields        | 1 |  1.4
Unarmed Combat | 1 |  1.4
Spellcasting   | 1 |  1.4
Evocations     | 1 |  1.4
Dodging        | 3 |  3.0
Conjurations   | 1 |  1.1
Hexes          | 1 |  1.1
Summonings     | 1 |  1.1
Necromancy     | 1 |  1.1
Translocations | 1 |  1.1
Transmutations | 1 |  1.1
Fire Magic     | 1 |  1.1
Ice Magic      | 1 |  1.1
Air Magic      | 1 |  1.1
Earth Magic    | 1 |  1.1
Poison Magic   | 1 |  1.1
Fighting       | |  6.7
Axes           | |  4.8
Armour         | |  4.8
Invocations    | |  4.8

Action                   |  1- 3 |  4- 6 || total
-------------------------+-------+-------++-------
Melee: Hand axe          |   107 |    72 ||   179
       Bite              |     8 |     8 ||    16
       Punch             |     1 |     2 ||     3
Invok: Depart the Abyss  |     1 |       ||     1
  Use: Scroll            |     5 |       ||     5
       Potion            |       |     2 ||     2
Armor: Leather armour    |     6 |       ||     6
       Ring mail         |    33 |    27 ||    60
       Skin              |       |    11 ||    11
Dodge: Dodged            |    41 |    23 ||    64

Table legend: (Time is in decaauts)
 A = Elapsed time spent in this place.
 B = Non-inter-level travel time spent in this place.
 C = Inter-level travel time spent in this place.
 D = Time resting spent in this place.
 E = Time spent auto-exploring this place.
 F = Levels seen in this place.
 G = Mean time per level.
                   A        B        C        D        E       F      G
               +--------+--------+--------+--------+--------+-----+--------+
         Total |   2802 |   2755 |     47 |      0 |   2199 |   4 |  700.5 |
       Dungeon |   2767 |   2720 |     47 |      0 |   2166 |   3 |  922.3 |
         Abyss |     35 |     35 |      0 |      0 |     33 |   1 |   35.0 |
               +--------+--------+--------+--------+--------+-----+--------+

Top non-repeatable levels by time:
     D:3: 1146 daAuts
     D:2: 898 daAuts
     D:1: 722 daAuts
 Abyss:1: 35 daAuts
